Map: Blackburn LE

Players

ftwoamove

  • Race: Terran Terran
  • League: Platinum
  • Spawn Location: 7:00

Хануман - Winner!

  • Race: Protoss Protoss
  • Spawn Location: 5:00

VOD

Have the link to the VOD?

Description

Time

  • Played on: May 31, 2022, 2:01 p.m.
  • Length: 29:47
Show
View Real Time Build Order
Export as new Build Order

ftwoamove Terran 

Build Orders:  

Get SALT Encoding   

  12  0:00  SCV  
  13  0:12  SCV  
  14  0:19  Supply Depot  
  14  0:25  SCV  
  15  0:40  SCV  
  15  0:41  Barracks  
  16  0:46  Refinery  
  16  0:52  SCV  
  17  1:04  SCV  
  18  1:16  SCV  
  19  1:29  SCV  
  20  1:34  Command Center  
  20  1:38  Marine  
  21  1:50  Orbital Command  
  21  2:00  Supply Depot  
  21  2:02  Marine  
  21  2:18  SCV  
  21  2:22  Marine  
  23  2:33  Supply Depot  
  23  2:37  SCV  
  23  2:39  Factory  
  24  2:47  Orbital Command  
  24  2:50  SCV  
  25  2:56  Barracks Reactor  
  25  2:57  Bunker  
  25  3:02  SCV  
  26  3:14  Barracks, SCV  
  26  3:15  SCV  
  28  3:24  Factory Tech Lab  
  28  3:26  SCV  
  29  3:34  Marine x2  
  29  3:35  Supply Depot  
  29  3:39  SCV x2  
  33  3:44  Refinery  
  33  3:47  Siege Tank  
  36  3:51  SCV x2  
  36  4:07  Marine x2  
  32  4:18  Marine  
  32  4:27  Marine x2  
  33  4:36  Marine  
  34  4:40  SCV x2  
  34  4:45  Marine x2  
  40  4:52  SCV x2  
  40  4:53  Marine  
  39  5:03  Marine x2  
  39  5:04  SCV  
  39  5:05  SCV, Siege Tank  
  47  5:17  SCV x2  
  47  5:21  Marine x2, Supply Depot  
  49  5:24  Barracks Tech Lab  
  50  5:29  SCV x2  
  52  5:39  Marine  
  52  5:41  Starport, SCV x2  
  55  5:47  Supply Depot  
  55  5:53  SCV  
  55  5:54  SCV  
  57  5:59  Refinery  
  57  6:00  Siege Tank  
  57  6:02  Marine  
  62  6:11  SCV  
  62  6:12  SCV  
  63  6:23  SCV  
  64  6:29  Supply Depot  
  60  6:50  SCV x2  
  60  6:51  Marine x3  
  60  6:52  Siege Tank  
  60  6:53  Medivac  
  70  6:58  Refinery  
  70  7:03  Supply Depot  
  70  7:10  Supply Depot  
  70  7:11  Supply Depot  
  70  7:15  Marine x2, SCV x2  
  74  7:23  Medivac  
  74  7:28  SCV x2  
  78  7:31  Engineering Bay  
  78  7:32  Engineering Bay  
  78  7:33  Command Center  
  78  7:40  SCV x2  
  80  7:44  Marine x2  
  80  7:45  Marine  
  80  7:46  Siege Tank  
  86  7:52  SCV x2  
  86  7:53  Medivac  
  90  8:02  Marine x3  
  91  8:08  Stimpack  
  81  8:20  Marine x2  
  81  8:23  Medivac  
  80  8:27  Marine  
  80  8:28  Siege Tank  
  80  8:30  Terran Infantry Weapons Level 1  
  80  8:31  Terran Infantry Armor Level 1  
  84  8:36  SCV x2  
  84  8:38  Marine x2  
  85  8:45  Marine  
  85  8:48  SCV x2  
  85  8:53  Medivac  
  89  8:56  Marine x2  
  89  9:00  SCV  
  92  9:03  Marine  
  92  9:07  Siege Tank  
  96  9:14  Marine x2  
  98  9:21  Marine  
  99  9:26  SCV x2  
  99  9:28  Medivac  
  103  9:31  Marine x2  
  103  9:38  SCV  
  100  9:39  Marauder, Siege Tank  
  87  9:49  Marine x2  
  89  9:58  Orbital Command  
  91  10:01  Marauder  
  93  10:07  Marine  
  93  10:08  Starport Reactor  
  93  10:10  Barracks  
  93  10:11  Barracks  
  93  10:12  Barracks, Siege Tank  
  93  10:14  Barracks, Marine  
  94  10:22  Marauder  
  95  10:32  Marine  
  88  10:43  Marine  
  88  10:44  Siege Tank  
  88  10:48  SCV x3  
  95  10:50  Marine  
  96  11:00  SCV x3  
  96  11:01  Marauder  
  101  11:04  Combat Shield  
  101  11:07  Marine  
  101  11:10  Armory  
  102  11:12  SCV x3  
  105  11:21  Marine x3  
  105  11:22  Marine  
  105  11:24  Siege Tank, SCV  
  105  11:25  Marine  
  113  11:31  Command Center  
  114  11:38  Marine  
  114  11:39  Missile Turret, Marine x2  
  117  11:40  Missile Turret, Marine  
  117  11:43  Marine  
  117  11:44  Missile Turret, Refinery  
  117  11:45  Refinery  
  118  11:56  Marine x3  
  118  11:58  Marine  
  118  12:01  Marine  
  110  12:04  Marine  
  103  12:14  Marine x3  
  106  12:16  Marauder  
  106  12:19  Marine  
  106  12:21  Marine  
  110  12:23  Concussive Shells  
  110  12:32  Marine x3  
  110  12:36  Marine  
  113  12:37  Marauder  
  113  12:38  Terran Infantry Armor Level 2, Terran Infantry Weapons Level 2  
  113  12:39  Marine  
  117  12:50  Marine x3  
  120  12:51  SCV x3  
  120  12:52  SCV  
  120  12:54  Marine  
  121  12:59  Marauder  
  121  13:03  SCV  
  107  13:08  Marine  
  107  13:11  Barracks Reactor  
  107  13:12  Marine, Barracks Tech Lab  
  109  13:14  Barracks Reactor  
  109  13:17  Barracks Tech Lab  
  108  13:20  Marauder, Medivac  
  108  13:25  Marine  
  113  13:28  Terran Vehicle Weapons Level 1  
  113  13:41  Marauder  
  69  14:03  Marauder  
  66  14:13  SCV x3  
  66  14:21  Marauder x2  
  66  14:22  Barracks Reactor, Barracks Tech Lab  
  61  14:24  Marauder  
  61  14:25  SCV x3  
  63  14:37  Marine x2  
  65  14:40  Siege Tank  
  65  14:41  Medivac x2  
  65  14:42  Marauder x2  
  75  14:46  Marauder  
  75  14:48  SCV x3  
  80  14:55  Marine x2  
  84  15:00  Command Center, Marauder, Marine x2, SCV x3  
  84  15:03  Marine  
  84  15:04  Marauder  
  84  15:06  Marine  
  92  15:12  SCV x3, Siege Tank  
  92  15:13  Marine x2  
  101  15:15  Command Center  
  101  15:18  Marine x2  
  101  15:21  Marauder  
  105  15:22  Marauder  
  105  15:24  Marine x2, SCV x3  
  112  15:30  Marine x2  
  112  15:31  Command Center  
  112  15:33  Command Center  
  114  15:36  Marine x2  
  114  15:42  Marine x2  
  119  15:43  Marauder x2  
  119  15:44  Siege Tank  
  125  15:53  Marine  
  125  15:55  Supply Depot x3  
  125  15:56  Supply Depot  
  125  15:57  Supply Depot  
  125  15:58  Marine x3, Supply Depot  
  125  16:00  Marauder  
  125  16:01  Marauder  
  125  16:03  Marine  
  125  16:04  Marine  
  131  16:11  Marine  
  132  16:15  Marine x2  
  132  16:16  Marine  
  127  16:21  Marine x2  
  127  16:22  Marine x2  
  125  16:29  Marine  
  125  16:30  Orbital Command  
  126  16:33  Marine x3  
  126  16:37  Terran Infantry Weapons Level 3, Terran Infantry Armor Level 3  
  126  16:38  Terran Vehicle Weapons Level 2  
  126  16:39  Marauder, Marine  
  133  16:40  Marauder x2  
  133  16:47  Marine  
  133  16:51  Marine x3  
  133  16:57  Marine  
  133  17:00  Marine x2  
  133  17:01  Marine  
  126  17:04  Marine  
  114  17:09  Marine x3  
  114  17:15  Marine, SCV x5  
  120  17:18  Marine x2  
  120  17:19  Marine  
  120  17:22  Marine  
  127  17:25  Barracks  
  127  17:27  Marine x3  
  130  17:33  Marine  
  130  17:36  Marine  
  136  17:37  Marauder x2  
  136  17:40  Planetary Fortress, Marine  
  137  17:44  Marine  
  137  17:45  Marine x2  
  140  17:51  Marauder  
  140  17:54  Marauder  
  140  17:58  Marauder, Marine x2  
  148  18:02  Marine x3  
  151  18:12  Marine  
  152  18:18  SCV x6  
  158  18:21  Marine x7  
  165  18:30  Marine, SCV x4  
  170  18:39  Marauder x3  
  176  18:42  Marine x4, SCV x6  
  176  18:48  Marine  
  187  18:54  SCV  
  186  19:00  Marine x6  
  186  19:01  Marauder  
  178  19:06  Marauder  
  144  19:18  Marine x4  
  144  19:19  Marauder x2  
  144  19:22  Marauder  
  134  19:28  Marauder  
  136  19:36  Marine x4  
  136  19:37  SCV x6  
  146  19:40  Marauder x2  
  146  19:43  Marine  
  149  19:48  Marine  
  149  19:49  SCV  
  145  19:53  Marine x3  
  145  19:54  Marine  
  134  20:01  Marauder x3  
  134  20:07  Marauder  
  134  20:11  Marine x4  
  134  20:12  Refinery  
  128  20:23  Marauder x3  
  128  20:27  Siege Tank  
  139  20:28  Marauder  
  139  20:29  Marine x4  
  139  20:34  Barracks  
  143  20:44  Marauder, Marine x2  
  143  20:47  Marine x3  
  143  20:49  Marauder  
  147  20:56  Orbital Command  
  139  21:02  Marauder x2  
  142  21:04  Command Center  
  142  21:06  Planetary Fortress  
  142  21:09  Refinery  
  142  21:21  Command Center  
  142  21:23  Barracks  
  142  21:25  Barracks  
  142  21:27  Barracks  
  142  21:30  Marauder x2, Marine x6  
  142  21:31  Siege Tank, Medivac  
  157  21:35  Command Center  
  149  21:47  Marine x5  
  149  21:48  Marine  
  149  21:51  Marine  
  156  21:54  Marauder  
  148  22:03  Siege Tank  
  148  22:05  Marine x2  
  148  22:06  Marauder x2  
  154  22:09  Marauder  
  154  22:14  Marine  
  125  22:16  Marauder  
  126  22:27  Marauder x2, Marine  
  120  22:30  Marauder  
  120  22:36  SCV x5  
  127  22:37  Marauder  
  127  22:38  Barracks Reactor  
  127  22:41  Barracks Reactor  
  127  22:42  Barracks Tech Lab x2  
  127  22:43  Marine x3  
  132  22:45  Marine  
  132  22:49  Marauder x2  
  136  22:52  Marauder  
  132  22:59  Missile Turret  
  99  23:13  Marine x3  
  99  23:14  Marine x5  
  93  23:31  Marine x5  
  93  23:32  Marauder x3, Marine x2, SCV x4  
  105  23:49  Marine x5  
  105  23:53  Marauder, Marine x2  
  111  23:56  Siege Tank, Medivac  
  109  24:07  Marine x4  
  109  24:08  Marauder  
  108  24:11  Marine x2  
  108  24:14  Marine  
  82  24:25  Marine x4  
  82  24:29  Marauder x3  
  86  24:33  Marauder  
  83  24:42  Marine x3  
  83  24:43  Marine  
  86  24:47  Orbital Command  
  86  24:50  Marine x3  
  89  24:53  Marine  
  90  25:00  Marine  
  77  25:18  Marauder x4, Marine x4  
  89  25:36  Marine x4  
  89  25:38  Marine  
  89  25:39  Marine x3  
  97  25:54  Marine x4  
  97  25:56  Orbital Command, Marine x2  
  97  25:57  Marine x2  
  103  26:01  Orbital Command  
  105  26:08  Orbital Command  
  105  26:15  Marauder x3  
  105  26:16  Marauder, Marine x4  
  99  26:34  Marine x4  
  99  26:36  Marauder, Marine x2  
  99  26:37  Marine  
  103  26:52  Marine x4  
  103  26:54  Marauder x2  
  103  26:56  Marauder  
  103  26:57  Marine  
  84  27:10  Marine x4  
  84  27:15  Marine x3  
  91  27:16  Marine  
  92  27:24  Medivac x2  
  92  27:26  Thor  
  92  27:28  Marine x4  
  104  27:54  Medivac  
  45  28:30  Marine x6  
  45  28:31  Marauder x2  
  39  28:48  Marine x6  
  39  28:51  Marine x2  
  39  28:54  Orbital Command  
  47  29:06  Marine x6  
  47  29:09  Marine x2  
  55  29:17  Orbital Command  
  55  29:24  Marine x6  
  54  29:27  Marine x2  
Show
View Real Time Build Order
Export as new Build Order

Хануман Protoss - Winner!

Build Orders:  

Get SALT Encoding   

  12  0:01  Probe  
  13  0:13  Probe  
  14  0:18  Pylon  
  14  0:25  Probe  
  15  0:36  Gateway  
  15  0:40  Assimilator  
  15  0:44  Probe  
  16  0:56  Probe  
  17  1:12  Probe  
  18  1:23  Cybernetics Core  
  18  1:28  Gateway  
  18  1:29  Probe  
  19  1:41  Probe  
  20  1:53  Gateway, Warp Gate (Chrono Boost), Probe  
  21  2:18  Nexus  
  21  2:27  Pylon  
  21  2:37  Gateway  
  21  2:45  Probe  
  21  2:46  Pylon  
  22  2:52  Shield Battery  
  22  3:01  Shield Battery  
  22  3:28  Stalker x3  
  22  3:32  Stalker  
  30  3:41  Robotics Facility  
  30  3:46  Probe x2  
  32  4:06  Probe x2  
  34  4:20  Probe x2  
  36  4:32  Probe x2  
  36  4:33  Observer  
  39  4:39  Pylon  
  39  4:42  Gateway  
  39  4:44  Twilight Council  
  37  4:49  Probe x2  
  39  5:01  Probe  
  38  5:09  Twilight Council  
  38  5:15  Zealot x3  
  38  5:16  Zealot  
  38  5:19  Assimilator  
  46  5:22  Pylon  
  46  5:24  Assimilator  
  46  5:26  Probe x2  
  48  5:36  Assimilator  
  48  5:48  Zealot x3, Gateway  
  48  5:49  Zealot x2  
  58  5:59  Blink (Chrono Boost)  
  58  6:07  Observer  
  59  6:11  Pylon  
  59  6:20  Nexus  
  59  6:21  Probe x2  
  59  6:22  Forge, Pylon  
  61  6:27  Stalker x2  
  65  6:33  Probe  
  54  6:47  Zealot x3  
  54  6:50  Stalker x2  
  54  6:52  Probe x2  
  66  6:56  Shield Battery  
  66  6:59  Photon Cannon  
  66  7:07  Stalker  
  66  7:08  Stalker  
  70  7:28  Probe, Photon Cannon  
  70  7:29  Probe  
  72  7:33  Probe  
  72  7:36  Stalker x2  
  77  7:37  Protoss Ground Weapons Level 1 (Chrono Boost)  
  77  7:41  Probe x2  
  71  8:38  Zealot x5  
  79  8:45  Observer  
  79  8:50  Immortal (Chrono Boost)  
  81  8:59  Gateway  
  81  9:01  Stalker x4, Templar Archives  
  81  9:02  Gateway, Stalker  
  91  9:04  Gateway  
  91  9:16  Pylon  
  91  9:18  Pylon  
  91  9:24  Zealot  
  91  9:25  Observer  
  83  9:49  Zealot x3  
  83  9:50  Zealot x2  
  83  9:52  Probe x3  
  96  10:05  Probe x3  
  99  10:12  Protoss Ground Weapons Level 2  
  99  10:14  Charge  
  86  10:57  Stalker x5  
  86  10:58  Stalker x3  
  86  10:59  Immortal (Chrono Boost)  
  104  11:08  Probe x3  
  107  11:12  Assimilator  
  107  11:15  Assimilator  
  107  11:19  Gateway  
  107  11:20  Probe  
  107  11:21  Gateway  
  107  11:24  Gateway  
  108  11:30  Observer (Chrono Boost)  
  109  11:33  Nexus  
  109  11:34  Pylon x2  
  109  11:35  Pylon  
  109  11:51  Pylon  
  105  12:12  Zealot x5  
  105  12:13  Zealot x3  
  105  12:15  Photon Cannon  
  121  12:20  Probe x2  
  121  12:21  Probe  
  124  12:32  Probe  
  124  12:33  Stalker x4  
  128  13:16  Pylon  
  128  13:18  Pylon  
  128  13:20  Pylon  
  128  13:21  Pylon  
  128  13:23  Nexus  
  128  13:24  Zealot  
  128  13:25  Zealot, Pylon  
  132  13:32  Nexus  
  132  13:33  Pylon  
  132  13:40  High Templar x4  
  132  13:41  High Templar x2  
  110  14:07  Zealot x2  
  98  14:29  Zealot x4  
  98  14:30  Zealot x4  
  106  14:46  Observer  
  107  15:04  Observer  
  107  15:10  Assimilator  
  107  15:12  Zealot x5  
  107  15:13  Zealot x2  
  121  15:14  Protoss Ground Weapons Level 3 (Chrono Boost), Assimilator  
  121  15:26  Pylon  
  121  15:30  Observer  
  122  15:37  Stalker x5  
  122  15:38  Stalker x3  
  122  15:41  Observer  
  138  15:43  Gateway  
  138  15:47  Gateway  
  138  15:54  Pylon  
  138  15:56  Zealot x3  
  144  15:57  Gateway  
  124  16:25  Psionic Storm  
  118  16:28  Zealot x4  
  118  16:29  Stalker  
  118  16:30  Stalker x3  
  118  16:32  Immortal  
  82  17:10  Zealot x5  
  82  17:11  Zealot x3  
  94  17:19  High Templar x5  
  94  17:21  Probe x3  
  94  17:22  Probe x2  
  109  17:32  Photon Cannon  
  109  17:34  Photon Cannon  
  109  17:42  Gateway x2  
  109  17:43  High Templar x3  
  115  17:44  High Templar  
  115  17:48  Pylon  
  115  17:59  Observer (Chrono Boost)  
  115  18:04  Protoss Shields Level 1  
  111  18:12  Zealot x2  
  115  18:13  Zealot  
  115  18:14  Zealot x6  
  115  18:18  Probe  
  115  18:19  Probe x4  
  134  18:25  Robotics Bay  
  134  18:27  Pylon  
  134  18:28  Pylon  
  128  18:38  Zealot x4  
  128  18:39  Zealot x4  
  138  18:49  Observer  
  107  19:10  Zealot  
  105  19:20  Archon x2  
  105  19:21  Archon  
  87  19:25  Zealot x2  
  87  19:26  Zealot x6  
  87  19:27  Zealot x2  
  87  19:29  Colossus  
  103  19:36  Zealot  
  103  19:37  Zealot x2  
  106  19:46  Zealot x5  
  106  19:47  Zealot  
  113  19:58  Zealot x3  
  113  19:59  Zealot x4  
  119  20:04  Assimilator  
  119  20:06  Assimilator  
  117  20:11  Zealot x5  
  117  20:12  Pylon, Protoss Ground Armor Level 1  
  125  20:20  Assimilator  
  125  20:26  Extended Thermal Lance  
  125  20:28  Colossus  
  123  20:56  Zealot x2  
  117  20:57  Zealot x6, Observer  
  117  20:58  Zealot x4  
  129  21:06  Shield Battery  
  129  21:08  Shield Battery x2  
  129  21:11  High Templar  
  131  21:14  Shield Battery  
  131  21:26  Stalker x3  
  131  21:27  Stalker x2  
  135  21:43  Zealot x2  
  135  21:44  Zealot x3  
  135  21:47  High Templar x3  
  112  22:12  Zealot x4  
  112  22:13  High Templar x4  
  121  22:39  Nexus  
  97  23:30  Zealot x4  
  97  23:31  Zealot x5  
  97  23:32  Zealot x3  
  121  23:39  Pylon  
  117  24:00  Nexus  
  95  24:17  Archon x2  
  95  24:22  Zealot  
  95  24:23  Zealot x5  
  95  24:24  Zealot x4  
  103  24:31  Shield Battery  
  101  25:13  Zealot x7  
  101  25:14  Zealot x3  
  115  25:22  High Templar  
  115  25:23  High Templar x2  
  121  25:30  Assimilator  
  121  25:37  Assimilator  
  121  25:53  Stalker x2  
  124  26:03  Photon Cannon x2  
  124  26:04  Shield Battery  
  124  26:06  Photon Cannon  
  124  26:07  Photon Cannon  
  124  26:09  Observer  
  125  26:12  Pylon  
  125  26:14  Protoss Shields Level 2  
  121  26:38  Probe x4  
  125  26:50  Probe  
  98  27:04  Zealot x4  
  98  27:05  Zealot x4  
  115  27:08  Observer  
  115  27:22  Zealot  
  115  27:23  Zealot x4  
  129  27:30  High Templar x3, Immortal  
  135  27:37  Stalker x4  
  143  27:47  Stalker  
  143  27:48  Stalker x2  
  149  27:54  High Templar x2  
  149  27:55  High Templar  
  155  28:00  Pylon  
  155  28:02  Pylon  
  155  28:08  Colossus  
  155  28:09  Gravitic Boosters  
  155  28:11  Nexus  
  161  28:13  Pylon  
  161  28:14  Stalker x2  
  151  28:24  Archon x4  
  129  28:40  Zealot x5  
  129  28:41  Zealot  
  135  28:42  Zealot x4  
  143  28:49  Photon Cannon  
  143  28:51  Photon Cannon  
  143  28:52  Shield Battery  
  143  29:05  Stalker x4  
Tags
 
League
Platinum
Matchup
PvT
Spawn Locations
Close Positions
Add a new tag
Caveats
  • Supply blocks, unpowered buildings, or Contaminate may cause inaccurate times.
  • Supply counts are checked every 10 seconds.